 Dungeon Crawl Stone Soup version 0.26-a0-597-gb535b0901c (webtiles) character file.

Game seed: 14817280693498468108

201 Lanoc the Skirmisher (level 5, -6/47 HPs)
             Began as a Draconian Delver on Sept 11, 2020.
             Was a Follower of Yredelemnul.
             Mangled by an iguana (11 damage)
             ... on level 4 of the Dungeon.
             The game lasted 00:06:01 (3090 turns).

Lanoc the Skirmisher (Draconian Delver)             Turns: 3090, Time: 00:06:02

Health: -6/47      AC:  5    Str: 17 (20) XL:     5   Next: 50%
Magic:  7/7        EV: 12    Int: 10 (11) God:    Yredelemnul [*.....]
Gold:   67         SH:  0    Dex:  5 (9)  Spells: 4/4 levels left

rFire    . . .     SeeInvis .   a - +0 falchion
rCold    . . .     Faith    .   (no shield)
rNeg     . . .     Spirit   .   (armour unavailable)
rPois    .         Reflect  .   (helmet restricted)
rElec    .         Harm     .   (no cloak)
rCorr    .                      (no gloves)
MR       .....                  (no boots)
Stlth    ++........             (no amulet)
HPRegen  0.15/turn              k - +6 ring of strength
MPRegen  0.10/turn              q - -4 ring of dexterity (curse)

@: mighty, lightly drained
A: unfitting armour, stinger 2, deterioration 1, wild magic 1, cold-blooded, AC
+5
a: Animate Remains, Renounce Religion


You were on level 4 of the Dungeon.
You worshipped Yredelemnul.
Yredelemnul was aware of your devotion.
You visited 1 branch of the dungeon, and saw 3 of its levels.

You collected 67 gold pieces.

Inventory:

Hand Weapons
 a - a +0 falchion (weapon)
 n - a +1 dagger of venom
Jewellery
 k - a +6 ring of strength (left hand)
 q - a cursed -4 ring of dexterity (right hand)
Wands
 f - a wand of digging (3)
 p - a wand of iceblast (4)
Scrolls
 b - a scroll of fog
 c - a scroll of magic mapping
 d - a scroll of fear
 g - a scroll of teleportation {unknown}
 h - a scroll of amnesia
 i - 2 scrolls of identify
 l - a scroll of immolation
Potions
 e - a potion of lignification
 j - a potion of mutation
 o - a potion of degeneration


   Skills:
 + Level 4.7(4.6) Fighting
 - Level 2.0(1.8) Long Blades
 + Level 3.3(3.2) Dodging
 - Level 4.5(4.4) Stealth
 * Level 3.2(3.1) Invocations


You had 4 spell levels left.
You didn't know any spells.
Your spell library was empty.

Dungeon Overview and Level Annotations

Branches:
Dungeon (5/15)
 Temple: D:4-7

Altars:
Elyvilon
Makhleb
Xom
Yredelemnul
The Shining One

Annotations:
D:3 Sigmund


Innate Abilities, Weirdness & Mutations

Your plain brown scales are hard. (AC +5)
You cannot fit into any form of body armour.
You are cold-blooded and may be slowed by cold attacks.
Your tail ends in a sharp poisonous barb.
Your body sometimes deteriorates upon taking damage.
Your spells are a little harder to cast, but a little more powerful.


Message History

You hit the hound but do no damage. The hound bites you. The hound misses you.
You riposte.
You closely miss the hound. You barely miss the hound. The hound bites you.
The hound barely misses you. The hound bites you.
Your body deteriorates!
You feel clumsy. The hound barely misses you.
There is a stone staircase leading down here.
The hound closely misses you. x2; You riposte.
You closely miss the hound.
You feel very mighty all of a sudden. The iguana closely misses you.
The hound bites you but does no damage.
You hit the iguana but do no damage. The hound bites you.
The iguana hisses menacingly.
The iguana bites you. The hound bites you but does no damage.
You closely miss the iguana. The iguana bites you!
* * * LOW HITPOINT WARNING * * *
The hound bites you.
* * * LOW HITPOINT WARNING * * *
The iguana bites you!
You die...
Your body rises from the dead as a mindless zombie.

##...##...####+#
#.....'.........
#.....#.........
#.....#.........
####
######'####.....##..
##...##.....รท.#
#.....##..
#.............#
..........
#.............#
..........
#.......h@....#
..........
######+##.l####+#
#.####
#......##.>####. #
#................
....................
##.#................
...................
###................
##...............


You could see an iguana and a hound.

Vanquished Creatures
  A crimson imp (D:3)
  An iguana (D:4)
  Robin (D:3)
  6 adders
  An ufetubus (D:5)
  An adder skeleton (D:4)
  3 worms
  4 leopard geckos
  4 orcs (D:3)
  12 goblins (D:3)
  5 hobgoblins (D:3)
  2 jackals (D:3)
  2 quokkas (D:4)
  2 bats (D:3)
  A frilled lizard (D:3)
  5 kobolds (D:3)
  A leopard gecko skeleton (D:3)
  A rat (D:3)
53 creatures vanquished.

Vanquished Creatures (others)
  A goblin (D:3)
  2 plants (D:3)
3 creatures vanquished.

Grand Total: 56 creatures vanquished

Notes
Turn   | Place    | Note
-------+----------+-------------------------------------------
     0 | D:5      | Lanoc the Draconian Delver began the quest for the Orb.
     0 | D:5      | Reached XP level 1. HP: 19/19 MP: 1/1
    10 | D:5      | Noticed a worker ant
    55 | D:5      | Noticed an orc priest
   391 | D:5      | Reached XP level 2. HP: 22/27 MP: 2/2
   555 | D:3      | Found a basalt altar of Yredelemnul.
   579 | D:3      | Noticed Sigmund
   599 | D:3      | Became a worshipper of Yredelemnul the Dark
   631 | D:3      | Reached XP level 3. HP: 23/33 MP: 3/3
   928 | D:3      | Found a white marble altar of Elyvilon.
   979 | D:4      | Reached skill level 1 in Invocations
  1211 | D:3      | Reached XP level 4. HP: 40/40 MP: 5/5
  1675 | D:3      | Reached * piety under Yredelemnul
  1722 | D:3      | Noticed Robin
  1767 | D:3      | Gained mutation: Your tail ends in a poisonous barb.
                  | [potion of mutation]
  1767 | D:3      | Gained mutation: Your tail ends in a sharp poisonous barb.
                  | [potion of mutation]
  1767 | D:3      | Gained mutation: Your body sometimes deteriorates upon
                  | taking damage. [potion of mutation]
  1767 | D:3      | Gained mutation: Your spells are a little harder to cast,
                  | but a little more powerful. [potion of mutation]
  1777 | D:3      | Killed Robin
  2183 | D:3      | Found a glowing golden altar of the Shining One.
  2340 | D:3      | Found a burning altar of Makhleb.
  2340 | D:3      | Found a shimmering altar of Xom.
  2366 | D:3      | Reached XP level 5. HP: 43/47 MP: 5/7
  3090 | D:4      | Mangled by an iguana

Illustrated notes

Levels and vault maps discovered:
D:3:      layout_loops_corners, grunt_temple_overflow_champion_of_chaos,
          kennysheep_ying_yang, tso_oasis_becter, dk_noncrumbling_4,
          uniq_sigmund, uniq_robin
D:4:      layout_gridville, amethyst_overflow_temple_binary,
          minmay_hollow_rounded_squares, uniq_ijyb
D:5:      layout_cave_pods, basic_altar

Skill      XL: |  1  2  3  4  5 |
---------------+----------------+-----
Dodging        | 2 3 |  3.3
Fighting       | 4 |  4.7
Invocations    | 1 2 3 |  3.2
Long Blades    | |  2.0
Stealth        | |  4.5

Action                   |  1- 3 |  4- 6 || total
-------------------------+-------+-------++-------
Melee: Falchion          |    61 |   135 ||   196
       Tailslap          |    15 |    19 ||    34
  Use: Potion            |       |     6 ||     6
       Scroll            |       |     4 ||     4
 Stab: Sleeping          |     3 |     1 ||     4
       Distracted        |       |     1 ||     1
Armor: Skin              |    19 |    45 ||    64
Dodge: Dodged            |    44 |   102 ||   146
       Rpst.: Falchion   |    16 |    35 ||    51

Table legend: (Time is in decaauts)
 A = Elapsed time spent in this place.
 B = Non-inter-level travel time spent in this place.
 C = Inter-level travel time spent in this place.
 D = Time resting spent in this place.
 E = Time spent auto-exploring this place.
 F = Levels seen in this place.
 G = Mean time per level.
                   A        B        C        D        E       F      G
               +--------+--------+--------+--------+--------+-----+--------+
         Total |   3116 |   3116 |      0 |    842 |   1549 |   3 | 1038.7 |
       Dungeon |   3116 |   3116 |      0 |    842 |   1549 |   3 | 1038.7 |
               +--------+--------+--------+--------+--------+-----+--------+

Top non-repeatable levels by time:
     D:3: 1838 daAuts
     D:4: 803 daAuts
     D:5: 475 daAuts
